[Event "Early-Titled-Tuesday-Blitz-January-16-2024"]
[Site "Chess.com"]
[Date "2024.01.16"]
[Round "10"]
[White "brm72"]
[Black "maciek_92"]
[Result "1-0"]
[WhiteElo "2715"]
[BlackElo "2839"]
[TimeControl "180+1"]
[EndTime "9:56:48 PST"]
[Termination "brm72 won on time"]

1. e4 c5 2. Nf3 e6 3. d4 cxd4 4. Nxd4 Nc6 5. Nc3 a6 6. Nxc6 bxc6 7. Bd3 d5 8. O-O Nf6 9. Re1 Be7 10. e5 Nd7 11. Qg4 Kf8 12. Bd2 Rb8 13. Na4 Qc7 14. Qf4 g5 15. Qg3 h6 16. b3 f5 17.
exf6 Bd6 18. Qh3 Nxf6 19. Bxg5 Ng8 20. Bh4 e5 21. Bf5 Bxf5 22. Qxf5+ Qf7 23. Qh3 Re8 24. Rad1 Ne7 25. c4 Nf5 26. cxd5 cxd5 27. Rxd5 Qxd5 28.
Qxf5+ Qf7 29. Qd3 Re6 30. Re3 Ke8 31. Qd5 1-0

[Event "Early-Titled-Tuesday-Blitz-January-16-2024"]
[Site "Chess.com"]
[Date "2024.01.16"]
[Round "10"]
[White "crazy_m_attack"]
[Black "Alexchess1984"]
[Result "0-1"]
[WhiteElo "2488"]
[BlackElo "2685"]
[TimeControl "180+1"]
[EndTime "9:56:48 PST"]
[Termination "Alexchess1984 won by resignation"]

1. e4 c5 2. Nf3 Nc6 3. d4 cxd4 4. Nxd4 Nf6 5. Nc3 e5 6. Ndb5 d6 7. Nd5 Nxd5 8. exd5 Nb8 9. a4 Be7 10. Be2 O-O 11.
Bd2 Bf5 12. a5 Nd7 13. Bb4 Nf6 14. O-O a6 15. Na3 Rc8 16. c4 Qd7 17. Rc1 g6 18.
Bd2 Ne4 19. Be3 h6 20. b4 h5 21. f3 Nf6 22. Qd2 e4 23. Bd4 exf3 24. Bxf3 Ng4 25. Bxg4 hxg4 26. Qh6 f6 27. Rce1 Rf7 28. Qe3 Bf8 29. Bb2 Kg7 30. Qd4 Re8 31. Bc3 Re5 32. Rxe5 dxe5 33. Qd2 Qa4 34. Qb2 Rd7 35. Nb1 Qc2 36.
Qxc2 Bxc2 37. Nd2 Bd3 38. Re1 Kf7 39. Kf2 Bh6 40. Ne4 Bxc4 41. d6 Bd5 42. Nc5 Rxd6 43.
Nxb7 Bxb7 0-1

[Event "Early-Titled-Tuesday-Blitz-January-16-2024"]
[Site "Chess.com"]
[Date "2024.01.16"]
[Round "10"]
[White "Makswolf200817"]
[Black "Barmen_EV"]
[Result "1-0"]
[WhiteElo "2668"]
[BlackElo "2528"]
[TimeControl "180+1"]
[EndTime "9:56:52 PST"]
[Termination "Makswolf200817 won on time"]

1. e4 c5 2. Nf3 Nc6 3. Bb5 e5 4. O-O Bd6 5. d3 Nge7 6. a4 Bc7 7.
Nc3 d6 8. Bg5 f6 9. Bh4 Be6 10. Bc4 Qd7 11. Nd2 O-O-O 12. Bxe6 Qxe6 13. Nc4 g5 14. Bg3 h5 15. f3 h4 16. Bf2 Rdg8 17. Ne3 f5 18. Ncd5 Bd8 19. c3 g4 20.
Nxe7+ Nxe7 21. exf5 Nxf5 22. Nxg4 h3 23. g3 Nh6 24.
Nxh6 Rxh6 25. Re1 Rhg6 26. d4 Bb6 27. dxe5 d5 28. a5 Bc7 29. Bxc5 Qc6 30. Bf2 d4 31.
cxd4 Qd5 32. Rc1 Kb8 33. Rc5 Qa2 34. d5 Bxa5 35. d6 Bxe1 36. Bxe1 Qe6 37. f4 Qd7 38. Bf2 b6 39. Rc7 Qb5 40. Qf3 Qa6 41. Rc1 1-0

[Event "Early-Titled-Tuesday-Blitz-January-16-2024"]
[Site "Chess.com"]
[Date "2024.01.16"]
[Round "10"]
[White "Malikova777"]
[Black "Maxfan2008"]
[Result "0-1"]
[WhiteElo "2306"]
[BlackElo "2486"]
[TimeControl "180+1"]
[EndTime "9:56:53 PST"]
[Termination "Maxfan2008 won by checkmate"]

1. d4 Nf6 2. c4 c6 3. Nc3 d5 4. cxd5 cxd5 5. Bf4 Nc6 6. e3 Bg4 7. Qb3 Na5 8. Qa4+ Bd7 9. Bb5 Nc6 10. Nf3 e6 11. Ne5 Nxe5 12. Bxe5 a6 13. Bxd7+ Nxd7 14. Bg3 Be7 15. O-O O-O 16. b4 b5 17. Qb3 Nb6 18. a4 Nc4 19. axb5 Nd2 20. Qb2 Nxf1 21. Rxf1 axb5 22. Nxb5 Qb6 23. Nc7 Ra7 24.
Rc1 Rc8 25. b5 Ba3 26. Nxd5 Qb7 27. Rxc8+ Qxc8 28. Qxa3 Rxa3 29. Ne7+ Kf8 30. Nxc8 Ra1# 0-1

[Event "Early-Titled-Tuesday-Blitz-January-16-2024"]
[Site "Chess.com"]
[Date "2024.01.16"]
[Round "10"]
[White "pfalcon1949"]
[Black "KSho99"]
[Result "1-0"]
[WhiteElo "1994"]
[BlackElo "2168"]
[TimeControl "180+1"]
[EndTime "9:56:54 PST"]
[Termination "pfalcon1949 won by resignation"]

1. e4 c6 2. d4 d5 3. e5 Bf5 4.
h4 h5 5. Bg5 Qb6 6. Bd3 Bxd3 7.
Qxd3 e6 8. Nd2 Qb5 9. c4 dxc4 10. Nxc4 Nh6 11. Nf3 Nf5 12. O-O Nd7 13. a4 Qa6 14.
Nfd2 Bb4 15. Ne4 O-O 16. b3 Nb6 17. Rad1 Be7 18. Bxe7 Nxe7 19. Qf3 Nxc4 20. bxc4 Qxc4 21. Qxh5 Ng6 22. Ng5 Rfd8 23. Qh7+ Kf8 24. h5 Nf4 25. Qh8+ Ke7 26. Qxg7 1-0

[Event "Early-Titled-Tuesday-Blitz-January-16-2024"]
[Site "Chess.com"]
[Date "2024.01.16"]
[Round "10"]
[White "Predo63"]
[Black "alvarorodriguezavila"]
[Result "1-0"]
[WhiteElo "2481"]
[BlackElo "2301"]
[TimeControl "180+1"]
[EndTime "9:56:57 PST"]
[Termination "Predo63 won on time"]

1. d4 Nf6 2. Bg5 Ne4 3. Bf4 d5 4. Nd2 Bf5 5. e3 Nxd2 6. Qxd2 e6 7. Nf3 Bd6 8. Bg3 O-O 9. Be2 Nd7 10. O-O Nf6 11.
Bxd6 Qxd6 12. Rac1 c5 13. c3 Rac8 14. Bd3 Bxd3 15.
Qxd3 Ne4 16. Nd2 Nxd2 17. Qxd2 e5 18. dxe5 Qxe5 19. Rcd1 Rcd8 20. Qc2 Rfe8 21. Rd2 b6 22. Rfd1 g6 23. Qa4 Re7 24. g3 Kg7 25. Qf4 Qxf4 26. gxf4 Red7 27. Kg2 Kf6 28. Kf3 Ke6 29. h4 f5 30. Ke2 Rd6 31. f3 R8d7 32. Kd3 Rd8 33. h5 Rg8 34. Rg1 Kf7 35. Rh2 Re6 36. Rg5 Rge8 37.
hxg6+ hxg6 38. Re2 R8e7 39. Rg1 Re8 40. Rh1 R8e7 41.
Rh7+ Kf6 42. Rxe7 Rxe7 43. Rh2 Kg7 44. a4 Re8 45. b4 cxb4 46. cxb4 Rc8 47. Rb2 Rc4 48. a5 Kf6 49. axb6 axb6 50. b5 Ke6 51. Rb1 Kd6 52. Rg1 Kc5 53. Rxg6 Kxb5 54. Rf6 Kc5 55. Rxf5 Kd6 56. Rf8 Ra4 57. Rb8 Kc5 58. Rc8+ Kb5 59. f5 Ra1 60. f6 Ra7 61. Kd4 1-0

[Event "Early-Titled-Tuesday-Blitz-January-16-2024"]
[Site "Chess.com"]
[Date "2024.01.16"]
[Round "10"]
[White "Viktor_Poddubnyi"]
[Black "C_K_G"]
[Result "0-1"]
[WhiteElo "2262"]
[BlackElo "2046"]
[TimeControl "180+1"]
[EndTime "9:56:58 PST"]
[Termination "C_K_G won by resignation"]

1. e4 c5 2. Nf3 d6 3. d4 cxd4 4.
Nxd4 Nf6 5. Nc3 a6 6. Be3 e5 7. Nb3 Be7 8. h3 Be6 9. Qf3 O-O 10. g4 Nbd7 11. g5 Ne8 12. h4 f5 13. gxf6 Nexf6 14.
Bh3 Bxh3 15. Qxh3 Kh8 16. O-O-O b5 17. Rhg1 Nb6 18. Na5 Rc8 19. Qe6 Qc7 20. Bxb6 Qxb6 21. Qxe7 Rg8 22. Nb3 Qxf2 23. Rgf1 Qxh4 24. Rxd6 Qh3 25.
Rdxf6 gxf6 26. Qxf6+ Rg7 27. Nd2 b4 28. Nd5 a5 29.
Nf3 Qxf1+ 0-1

[Event "Early-Titled-Tuesday-Blitz-January-16-2024"]
[Site "Chess.com"]
[Date "2024.01.16"]
[Round "10"]
[White "Ural_bogatyr"]
[Black "andrzej"]
[Result "1-0"]
[WhiteElo "2537"]
[BlackElo "2372"]
[TimeControl "180+1"]
[EndTime "9:56:59 PST"]
[Termination "Ural_bogatyr won by resignation"]

1. d4 d5 2. Nc3 Nf6 3. Bf4 c5 4.
e4 Nxe4 5. Nxe4 dxe4 6. dxc5 Qa5+ 7. c3 Qxc5 8. Qa4+ Nc6 9. Qxe4 g6 10. Nf3 Bg7 11. Qe3 Qxe3+ 12. Bxe3 O-O 13. Be2 Be6 14. O-O Na5 15. Rfd1 Bc4 16. Kf1 Bxe2+ 17. Kxe2 Nc4 18. Bd4 e5 19. Be3 b6 20. b3 Nxe3 21. fxe3 Rfc8 22. c4 f5 23. Rd7 b5 24. Rc1 bxc4 25. Rxc4 Rxc4 26.
bxc4 Rc8 27. Rxa7 Rxc4 28. Ng5 Rc8 29. Ne6 Bf6 30. a4 Rc2+ 31. Kf1 e4 32. a5 Rc6 33. Nf4 Be5 34. Nd5 Rc1+ 35. Ke2 Rc2+ 36. Kf1 Rc1+ 37. Ke2 Rc2+ 38. Kd1 Rxg2 39. a6 Rxh2 40. Ne7+ Kf7 41. Nc6+ Ke6 42. Re7+ Kd6 43. Rxe5 Kxc6 44. Ra5 Rh1+ 45.
Kd2 Rh2+ 46. Kc3 Kb6 47. a7 Kxa5 48. a8=Q+ Kb5 49. Qb8+ Kc5 50. Qxh2 1-0

[Event "Early-Titled-Tuesday-Blitz-January-16-2024"]
[Site "Chess.com"]
[Date "2024.01.16"]
[Round "10"]
[White "Langua_Chess"]
[Black "KorolDimitriy75"]
[Result "1-0"]
[WhiteElo "2451"]
[BlackElo "2343"]
[TimeControl "180+1"]
[EndTime "9:57:01 PST"]
[Termination "Langua_Chess won on time"]

1. e4 c5 2. Nf3 d6 3. d4 cxd4 4.
Nxd4 Nf6 5. Nc3 g6 6. Bc4 Bg7 7. Be3 O-O 8. Qd2 Nc6 9. O-O-O Ng4 10. Nxc6 bxc6 11. Bf4 Rb8 12. Bb3 Be6 13. h3 Ne5 14. Bh6 Qb6 15. Bxg7 Kxg7 16. f4 Nc4 17. Qd4+ Qxd4 18.
Rxd4 Nb6 19. Rd2 Nc4 20. Re2 Nb6 21. g4 Rfe8 22. f5 Bc4 23. Rf2 c5 24. g5 f6 25.
h4 Rf8 26. Nd1 Rbe8 27. Ne3 Bxb3 28. axb3 Rc8 29. Rhf1 c4 30. b4 a6 31. c3 Rb8 32.
Kc2 Rbc8 33. Ng4 fxg5 34. hxg5 gxf5 35. exf5 Nd5 36. f6+ exf6 37. gxf6+ Kg6 38. Kd2 Rce8 39. Rh2 1-0

[Event "Early-Titled-Tuesday-Blitz-January-16-2024"]
[Site "Chess.com"]
[Date "2024.01.16"]
[Round "10"]
[White "supereagles1201"]
[Black "mertfelin"]
[Result "0-1"]
[WhiteElo "2351"]
[BlackElo "2236"]
[TimeControl "180+1"]
[EndTime "9:57:04 PST"]
[Termination "mertfelin won by checkmate"]

1. c4 e6 2. Nf3 d5 3. g3 Nf6 4. d4 Be7 5. Bg2 O-O 6. O-O dxc4 7. Qc2 b5 8. a4 b4 9. Qxc4 Ba6 10. Qc2 Nbd7 11. Nbd2 c5 12. Ne5 Rc8 13. Nc6 Qe8 14.
Nxe7+ Qxe7 15. dxc5 Nxc5 16. Nf3 b3 17. Qd2 Rfd8 18. Qe3 Nd5 19. Qe5 Nb4 20. Bd2 Rd5 21. Qf4 Nc2 22. e4 Rdd8 23. Bc3 Nd3 24. Qg4 Rxc3 25. bxc3 Nxa1 26. Rxa1 b2 27. Rb1 Qa3 28. Nd2 Qxc3 29. Qg5 f6 30. Qe3 Qc1+ 31. Bf1 Ne5 32. f4 Rxd2 33. fxe5 Qxb1 34. Qxd2 Qxf1# 0-1

[Event "Early-Titled-Tuesday-Blitz-January-16-2024"]
[Site "Chess.com"]
[Date "2024.01.16"]
[Round "10"]
[White "Phelathegreat"]
[Black "Mikasinski"]
[Result "1-0"]
[WhiteElo "2467"]
[BlackElo "2608"]
[TimeControl "180+1"]
[EndTime "9:57:06 PST"]
[Termination "Phelathegreat won by resignation"]

1. d4 Nf6 2. c4 e6 3. Nc3 Bb4 4. e3 O-O 5. Ne2 d5 6. a3 Be7 7.
cxd5 exd5 8. Nf4 Bf5 9. Qb3 c6 10. Qxb7 Bd6 11. Qxa8 Qc7 12. Nfxd5 cxd5 13. Nxd5 Qa5+ 14.
b4 Qxd5 15. Qxd5 Nxd5 16. Bc4 Nb6 17. Be2 Nc6 18. O-O Rc8 19. Bd2 Ne7 20. Rfc1 Rd8 21. f3 Bd7 22. e4 Ba4 23. Be3 f5 24. Bd1 f4 25. Bf2 Bxd1 26. Rxd1 Nc4 27. Rdc1 Nb2 28. Rc3 Nc8 29. Rb1 Na4 30. Rc6 Nab6 31. Rbc1 Ne7 32.
R6c2 Kf7 33. d5 Nbc8 34. Bd4 Ng6 35. Rxc8 Rd7 36. R1c6 Ne5 37. Rxd6 Rxd6 38. Bxe5 Ra6 39.
Rc7+ 1-0

[Event "Early-Titled-Tuesday-Blitz-January-16-2024"]
[Site "Chess.com"]
[Date "2024.01.16"]
[Round "10"]
[White "Vazabanga"]
[Black "forevery0ung"]
[Result "0-1"]
[WhiteElo "2693"]
[BlackElo "2848"]
[TimeControl "180+1"]
[EndTime "9:57:10 PST"]
[Termination "forevery0ung won by resignation"]

1. d4 e6 2. c4 b6 3. a3 Bb7 4. Nc3 Nf6 5. Qc2 d5 6. cxd5 Nxd5 7. Nf3 c5 8. e4 Nxc3 9. bxc3 cxd4 10. cxd4 Nd7 11.
Bd3 Rc8 12. Qe2 Be7 13. O-O O-O 14. Bb2 Nf6 15. Rfc1 Rxc1+ 16. Rxc1 Qa8 17. Nd2 Rc8 18. Rxc8+ Qxc8 19. f3 h5 20. Nc4 h4 21. Qc2 Nh5 22.
Ne3 Qd8 23. Bf1 Nf4 24. Kf2 Bf6 25. Qd2 Qc7 26. Ng4 Be7 27. Ne5 Nh5 28. Kg1 Nf6 29. Qc3 Qxc3 30. Bxc3 Bxa3 31. Kf2 Bxe4 32. Ke2 Bb7 33. Kd2 Nd5 34. g3 hxg3 35. hxg3 Nxc3 36. Kxc3 Bd6 37. f4 Kf8 38. Nc4 Ke7 39. Bd3 Bd5 40.
Ne3 Bb7 41. Bc4 f6 42. d5 Bc5 43. Ng4 Bxd5 0-1

[Event "Early-Titled-Tuesday-Blitz-January-16-2024"]
[Site "Chess.com"]
[Date "2024.01.16"]
[Round "10"]
[White "Kaissa10"]
[Black "MdChess1734"]
[Result "1-0"]
[WhiteElo "2287"]
[BlackElo "2394"]
[TimeControl "180+1"]
[EndTime "9:57:13 PST"]
[Termination "Kaissa10 won on time"]

1. e4 c6 2. d4 d5 3. Nc3 dxe4 4.
Nxe4 Nf6 5. Nxf6+ exf6 6. c3 Bd6 7. Bd3 O-O 8. Qc2 Re8+ 9. Ne2 h5 10. O-O h4 11. h3 Nd7 12. c4 Nf8 13. Be3 Bc7 14.
Rad1 Be6 15. d5 cxd5 16. Be4 g5 17. cxd5 Qd6 18. f4 Bf5 19. Bxf5 Rxe3 20. Rd3 Rae8 21. Rxe3 Rxe3 22. Qd2 Bb6 23. Kh1 Re8 24. Nc3 Bc7 25. Nb5 Qb6 26. Nxc7 Qxc7 27. fxg5 1-0

[Event "Early-Titled-Tuesday-Blitz-January-16-2024"]
[Site "Chess.com"]
[Date "2024.01.16"]
[Round "10"]
[White "Cambek64"]
[Black "Felix-Rose"]
[Result "1-0"]
[WhiteElo "2452"]
[BlackElo "2229"]
[TimeControl "180+1"]
[EndTime "9:57:14 PST"]
[Termination "Cambek64 won by resignation"]

1. e4 e5 2. Nf3 Nc6 3. Bb5 a6 4. Bxc6 dxc6 5. d4 exd4 6. Qxd4 Qxd4 7. Nxd4 Bd7 8. Be3 O-O-O 9. Nd2 Ne7 10. O-O-O f5 11.
exf5 Nxf5 12. Nxf5 Bxf5 13. Nb3 Bd6 14. h3 Rhf8 15. Rhe1 Rde8 16. Nd4 Be4 17. g3 h6 18. h4 c5 19. Nb3 b6 20. Nd2 Bd5 21. c4 Bg8 22. b3 Re6 23. Nb1 Rfe8 24. Bd2 Rxe1 25.
Rxe1 Rf8 26. f4 g5 27. hxg5 hxg5 28. fxg5 Bxg3 29. Rg1 Bf2 30. Rf1 Rf3 31. Nc3 Be6 32. Nd1 Rg3 33. Rxf2 Rg1 34. Be3 Rh1 35. Kd2 Bg4 36.
Nc3 b5 37. Bxc5 bxc4 38. bxc4 Kb7 39. Rg2 Bf3 40. Rg3 Bc6 41. g6 1-0

[Event "Early-Titled-Tuesday-Blitz-January-16-2024"]
[Site "Chess.com"]
[Date "2024.01.16"]
[Round "10"]
[White "NowInChess"]
[Black "KVAIDAN"]
[Result "0-1"]
[WhiteElo "2289"]
[BlackElo "2397"]
[TimeControl "180+1"]
[EndTime "9:57:15 PST"]
[Termination "KVAIDAN won on time"]

1. e4 e5 2. Nf3 d5 3. Nxe5 Bd6 4. d4 dxe4 5. Nc3 Bxe5 6. dxe5 Qxd1+ 7. Kxd1 Bf5 8. Nd5 Kd7 9. Bb5+ c6 10. Ne3 Ne7 11. Bc4 Be6 12. Ke2 Bxc4+ 13. Nxc4 Ke6 14. Rd1 Nd5 15.
f4 exf3+ 16. gxf3 b5 17. Nd6 Nd7 18. f4 g6 19. c4 bxc4 20. Nxc4 f6 21. exf6 N7xf6 22.
Bd2 Ne4 23. Rf1 Rab8 24. b3 Rhf8 25. Be3 Rf7 26. Ne5 Rc7 27. Rac1 c5 28. Kd3 Ndf6 29.
Nc4 Rd8+ 30. Ke2 Nd5 31. Kf3 Kf5 32. Rfd1 Rcd7 33. Rg1 h6 34. Ne5 Rd6 35. Bxc5 Nd2+ 36.
Ke2 Nxf4+ 37. Ke1 Kxe5 38. Bxd6+ Rxd6 39. Rd1 Ne4 0-1

[Event "Early-Titled-Tuesday-Blitz-January-16-2024"]
[Site "Chess.com"]
[Date "2024.01.16"]
[Round "10"]
[White "SahibSinghKnight"]
[Black "FM_VS99"]
[Result "0-1"]
[WhiteElo "2651"]
[BlackElo "2522"]
[TimeControl "180+1"]
[EndTime "9:57:16 PST"]
[Termination "FM_VS99 won by checkmate"]

1. e4 c5 2. Nf3 g6 3. d4 cxd4 4.
Nxd4 Bg7 5. Be3 Nc6 6. Nc3 Nf6 7. Bc4 O-O 8. Bb3 d6 9. f3 Bd7 10. Qd2 Nxd4 11. Bxd4 b5 12. Nd5 Nxd5 13. Bxg7 Kxg7 14.
Bxd5 Rc8 15. O-O-O a5 16. Kb1 e6 17. Bb7 Rb8 18.
Bc6 Bxc6 19. Qc3+ Qf6 20. Qxc6 d5 21. exd5 Rfc8 22. Qa6 Qf5 23. Rd3 exd5 24. Qxa5 Rxc2 25. Kxc2 Rc8+ 26. Kd2 Qf4+ 27. Ke2 Rc2+ 28. Rd2 Qc4+ 29.
Ke1 Rc1+ 30. Rd1 Rc2 31. Rd2 Rc1+ 32. Kf2 Qc5+ 33. Ke2 Qc4+ 34. Kf2 Qc5+ 35. Kg3 Qd6+ 36. f4 Rxh1 37. Qc3+ Kh6 38. Qf3 Re1 39. Kf2 Qe6 40. Rxd5 Rb1 41. Rxb5 Qe1# 0-1

[Event "Early-Titled-Tuesday-Blitz-January-16-2024"]
[Site "Chess.com"]
[Date "2024.01.16"]
[Round "10"]
[White "FMCarmona"]
[Black "publicaccountcze"]
[Result "0-1"]
[WhiteElo "2175"]
[BlackElo "2324"]
[TimeControl "180+1"]
[EndTime "9:57:16 PST"]
[Termination "publicaccountcze won on time"]

1. e4 c5 2. Nf3 e6 3. d4 cxd4 4. Nxd4 a6 5. c4 Qc7 6. Bd3 Nf6 7. O-O d6 8. Nc3 Be7 9. Be3 b6 10. Rc1 Bb7 11. b3 Nbd7 12. f3 O-O 13. Kh1 Rac8 14. Qd2 Qb8 15. Na4 d5 16. exd5 exd5 17. Nf5 Ba3 18. Rcd1 dxc4 19. bxc4 Nc5 20. Ne7+ Kh8 21. Nxc8 Nxa4 22. Nxb6 Nb2 23. Rb1 Rd8 24. Nd5 Bxd5 25. cxd5 Rxd5 0-1

[Event "Early-Titled-Tuesday-Blitz-January-16-2024"]
[Site "Chess.com"]
[Date "2024.01.16"]
[Round "10"]
[White "FARIZA2018"]
[Black "Zakaryan_David"]
[Result "1-0"]
[WhiteElo "2518"]
[BlackElo "2636"]
[TimeControl "180+1"]
[EndTime "9:57:18 PST"]
[Termination "FARIZA2018 won on time"]

1. e4 c5 2. Nf3 Nc6 3. d4 Nxd4 4. Nxd4 c4 5. Bxc4 e6 6. O-O a6 7. Nc3 b5 8. Be2 Bb7 9. a3 Qc7 10. Be3 Nf6 11. Qd3 h5 12. h3 Rc8 13. f4 d6 14.
Rad1 Be7 15. Nf3 d5 16. exd5 exd5 17. Ne5 O-O 18. Bd4 Rfd8 19. Kh1 b4 20. axb4 Bxb4 21. Bf3 h4 22. Ng4 Nh5 23. Nh6+ gxh6 24. Bxh5 Qd7 25. Qf3 Kh7 26. f5 Rg8 27. f6 Rg5 28. Bg4 Qd6 29.
Bxc8 Bxc8 30. Rde1 Ba5 31. Re7 Bc7 32. Rxf7+ Kg8 33.
Rxc7 Qxc7 34. f7+ Kf8 35. Qe3 Qd7 36. Bc5+ Qe7 37. Qxe7+ 1-0

[Event "Early-Titled-Tuesday-Blitz-January-16-2024"]
[Site "Chess.com"]
[Date "2024.01.16"]
[Round "10"]
[White "Lennis93"]
[Black "Garbaranza"]
[Result "1-0"]
[WhiteElo "2742"]
[BlackElo "2434"]
[TimeControl "180+1"]
[EndTime "9:57:19 PST"]
[Termination "Lennis93 won by resignation"]

1. d4 d5 2. c4 e6 3. Nf3 Nf6 4. g3 Nc6 5. Bg2 dxc4 6. O-O Rb8 7. a4 b6 8. Qc2 Nxd4 9. Nxd4 Qxd4 10. Be3 Qe5 11.
Qxc4 Bd6 12. Bf4 Qc5 13. Qb3 Bxf4 14. gxf4 O-O 15. Nd2 Ba6 16. Rfc1 Qd6 17. Qe3 Ng4 18. Qg3 Qxd2 19. Qxg4 Qxe2 20. Bf3 Qxb2 21. Rab1 Qa2 22. f5 exf5 23. Qxf5 c5 24. Bd5 Qe2 25. Re1 Qd3 26.
Be4 g6 27. Bxd3 gxf5 28. Bxa6 Rfe8 29. Bb5 Rxe1+ 30. Rxe1 Kf8 31. Re5 Rd8 32. Rxf5 Rd6 33. Bc4 f6 34. Rf4 Kg7 35. Rg4+ Kh6 36. Kg2 Rd4 37.
Rxd4 cxd4 38. Kf3 Kg5 39. Ke4 Kh4 40. Be6 a6 41. Bc8 a5 42. Kxd4 Kg5 43. Ke4 h5 44. f4+ Kh4 45. Bf5 b5 46. axb5 a4 47. Be6 a3 48. b6 a2 49. Bxa2 Kh3 50. b7 Kxh2 51.
b8=Q h4 52. Kf3 h3 1-0

[Event "Early-Titled-Tuesday-Blitz-January-16-2024"]
[Site "Chess.com"]
[Date "2024.01.16"]
[Round "10"]
[White "dosto07"]
[Black "DamianoLew95"]
[Result "0-1"]
[WhiteElo "2534"]
[BlackElo "2670"]
[TimeControl "180+1"]
[EndTime "9:57:20 PST"]
[Termination "DamianoLew95 won on time"]

1. e4 c5 2. Nf3 d6 3. Bb5+ Nd7 4. d4 cxd4 5. Qxd4 a6 6. Bxd7+ Bxd7 7. Nc3 e6 8. Bg5 Qc7 9. O-O-O f6 10. Bh4 Rc8 11.
Bg3 e5 12. Qd3 Be6 13. Kb1 Nh6 14. Nd2 b5 15. Rc1 Nf7 16. Nf1 Bc4 17. Qd2 b4 18. Nd5 Qa5 19. b3 Bxd5 20. exd5 g6 21. Ne3 Bh6 22.
h4 f5 23. Bh2 Bg7 24. h5 e4 25. hxg6 hxg6 26. Nc4 Rxc4 27. bxc4 Bc3 28. Be5 Bxd2 29. Rxh8+ Nxh8 30. Rh1 Nf7 31. Bb2 Bc3 32. Rh7 Bxb2 33. Kxb2 Qc5 0-1

[Event "Early-Titled-Tuesday-Blitz-January-16-2024"]
[Site "Chess.com"]
[Date "2024.01.16"]
[Round "10"]
[White "hongnhung1234"]
[Black "cthulhuuu"]
[Result "0-1"]
[WhiteElo "2563"]
[BlackElo "2425"]
[TimeControl "180+1"]
[EndTime "9:57:21 PST"]
[Termination "cthulhuuu won by checkmate"]

1. e4 d6 2. d4 Nf6 3. Nc3 c6 4. f4 Qb6 5. Nf3 Bg4 6. Be2 e6 7. O-O d5 8. e5 Nfd7 9. Kh1 c5 10.
dxc5 Nxc5 11. b3 Nc6 12. Be3 Qa5 13. Nb5 Ne4 14. Ng5 Qxb5 15. Bxb5 Bxd1 16. Raxd1 Nxg5 17. fxg5 a6 18. Bxc6+ bxc6 19. Rf4 Be7 20. h4 h6 21. gxh6 Rxh6 22. g3 Rh5 23. Rdf1 Rxe5 24. Bd4 Re2 25. Rxf7 Bf6 26. R1xf6 gxf6 27. Rh7 O-O-O 28.
Bxf6 Rf8 29. Rh6 Rxc2 30. g4 d4 31. g5 d3 32. g6 Rxf6 33. g7 Rf1# 0-1

[Event "Early-Titled-Tuesday-Blitz-January-16-2024"]
[Site "Chess.com"]
[Date "2024.01.16"]
[Round "10"]
[White "yaguigor"]
[Black "MusicCityMaster"]
[Result "0-1"]
[WhiteElo "2613"]
[BlackElo "2428"]
[TimeControl "180+1"]
[EndTime "9:57:21 PST"]
[Termination "MusicCityMaster won by resignation"]

1. d4 Nf6 2. c4 c5 3. d5 b5 4. cxb5 a6 5. bxa6 g6 6. Nc3 Bg7 7. e4 O-O 8. Nf3 Qa5 9. a7 Rxa7 10. Nd2 Ba6 11. Bxa6 Qxa6 12. Qe2 Qxe2+ 13. Kxe2 d6 14.
Nc4 Nfd7 15. a4 Ne5 16. Nxe5 Bxe5 17. Nb5 Rb7 18. Ra2 Na6 19. Bd2 Ra8 20. Rc1 Nb4 21.
Bxb4 cxb4 22. Rc4 Rxb5 23. axb5 Rxa2 24. Rc8+ Kg7 25. b6 Rxb2+ 26. Kd3 Rb3+ 27. Kc2 Rb2+ 28. Kc1 b3 29. b7 Rxf2 30. b8=Q b2+ 31. Kd1 Rf1+ 32.
Kc2 Rc1+ 33. Kd2 b1=Q 34. Rg8+ Kf6 35. Qxb1 Rxb1 36. g3 Rb2+ 37. Kd3 Rxh2 0-1

[Event "Early-Titled-Tuesday-Blitz-January-16-2024"]
[Site "Chess.com"]
[Date "2024.01.16"]
[Round "10"]
[White "GMSrinath"]
[Black "Trojan-Knight"]
[Result "1-0"]
[WhiteElo "2831"]
[BlackElo "2693"]
[TimeControl "180+1"]
[EndTime "9:57:22 PST"]
[Termination "GMSrinath won by resignation"]

1. Nf3 Nf6 2. c4 g6 3. g3 Bg7 4. Bg2 d5 5. cxd5 Nxd5 6. O-O O-O 7. d4 Nc6 8. e3 Nb6 9. Nc3 Re8 10. b3 e5 11. Nxe5 Nxe5 12. dxe5 Qxd1 13. Rxd1 Bxe5 14.
Bb2 c6 15. Rac1 Be6 16. Kf1 a5 17. Ba3 a4 18. Bc5 Nd7 19. Nxa4 Nxc5 20. Rxc5 Bc7 21. Rc2 Red8 22. Rcd2 Re8 23. Nc5 Bc8 24. a4 Ba5 25. Rd3 f5 26. h3 Bb4 27. Nd7 Kf7 28. Nb6 Ra6 29. Nxc8 Rxc8 30. Rd7+ Kg8 31. Rxb7 Bf8 32. Rdd7 h5 33. Bf3 c5 34. Bd5+ 1-0

[Event "Early-Titled-Tuesday-Blitz-January-16-2024"]
[Site "Chess.com"]
[Date "2024.01.16"]
[Round "10"]
[White "MIss_MIaMI"]
[Black "GiorgianBarbosa"]
[Result "1-0"]
[WhiteElo "2426"]
[BlackElo "2587"]
[TimeControl "180+1"]
[EndTime "9:57:22 PST"]
[Termination "MIss_MIaMI won by checkmate"]

1. e4 c5 2. Nf3 g6 3. d4 cxd4 4. c3 Bg7 5. Bd3 d5 6. exd5 Nf6 7. c4 e6 8. dxe6 Bxe6 9. O-O O-O 10. h3 Nc6 11. a3 a5 12. Bf4 a4 13. Nbd2 Re8 14.
Re1 Rc8 15. Qxa4 Nd7 16. b4 Nb6 17. Qb3 Qd7 18. Ne4 Ne7 19. Nd6 Nf5 20. Nxe8 Rxe8 21. Ne5 Qc8 22. Rac1 Ne7 23. Qc2 h6 24. c5 Nbd5 25. Bh2 Nc3 26. Nc4 Ned5 27. Nd6 Qd7 28. Nxe8 Qxe8 29. Be5 Bf8 30. Bxd4 Nb5 31. Bb2 Nbc7 32.
Rcd1 Qd8 33. Bxg6 Qg5 34. Bh7# 1-0

[Event "Early-Titled-Tuesday-Blitz-January-16-2024"]
[Site "Chess.com"]
[Date "2024.01.16"]
[Round "10"]
[White "vladgoncharov"]
[Black "Nuvas"]
[Result "1-0"]
[WhiteElo "2621"]
[BlackElo "2781"]
[TimeControl "180+1"]
[EndTime "9:57:23 PST"]
[Termination "vladgoncharov won by resignation"]

1. d4 Nf6 2. c4 e6 3. Nc3 Bb4 4. e3 O-O 5. Bd3 Re8 6. Ne2 d5 7. O-O Nbd7 8. c5 e5 9. a3 Bxc3 10. Nxc3 e4 11. Be2 c6 12. b4 Nf8 13. b5 Bf5 14.
Rb1 Qd7 15. Bd2 Ng6 16. bxc6 bxc6 17. Ba6 Rab8 18. Qc2 Qc7 19. Rxb8 Rxb8 20. Rb1 Bc8 21. Rxb8 Qxb8 22. Bf1 h5 23. Qa4 Qc7 24. Nd1 Ng4 25. g3 h4 26. Ba5 Qb7 27. Qb4 Nf6 28. Qxb7 Bxb7 29. Bc7 Nd7 30. Nc3 hxg3 31. hxg3 Ngf8 32. a4 Ne6 33. Bd6 f5 34. a5 Kf7 35. a6 Bc8 36.
Na2 Nf6 37. Nb4 Bd7 38. Bb8 f4 39. gxf4 1-0

[Event "Early-Titled-Tuesday-Blitz-January-16-2024"]
[Site "Chess.com"]
[Date "2024.01.16"]
[Round "10"]
[White "Licancabur"]
[Black "Flawless_Fighter"]
[Result "0-1"]
[WhiteElo "2508"]
[BlackElo "2682"]
[TimeControl "180+1"]
[EndTime "9:57:24 PST"]
[Termination "Flawless_Fighter won on time"]

1. d4 Nf6 2. Bg5 d5 3. Nd2 Nbd7 4.
e3 g6 5. c4 c6 6. Ngf3 Bg7 7. Bd3 O-O 8. O-O Re8 9. Rc1 h6 10.
Bh4 e5 11. dxe5 Nxe5 12. Nxe5 Rxe5 13. Nf3 Re8 14. Be2 Be6 15. cxd5 Qxd5 16. Qxd5 Bxd5 17.
Nd4 Ne4 18. Rfd1 g5 19. Bg3 a5 20. Bc4 Nxg3 21. Bxd5 Bxd4 22. hxg3 Bxb2 23. Rb1 Bf6 24. Bf3 Re7 25. Rb6 Rc8 26. Rdb1 Rcc7 27. a4 Red7 28.
Kf1 Bc3 29. Ke2 Bb4 30. Kf1 Kg7 31. Ke2 Rd2+ 32. Kf1 Rcd7 33. Bg4 Re7 34. Bf3 Ra2 35.
Bd1 Rd7 36. Bb3 Ra3 37. Bd1 Ra2 38. Bb3 Rad2 39. Bc4 g4 40. Bb3 Bc5 0-1